 Dungeon Crawl Stone Soup version 0.29-a0-813-g4a14ea37d6 (webtiles) character file.

Game seed: 14481495647183165780

154 gobodom the Thaumaturge (level 5, -2/37 HPs)
             Began as a Gnoll Wanderer on July 4, 2022.
             Slain by a white imp (4 damage)
             ... summoned by Natasha
             ... on level 4 of the Dungeon.
             The game lasted 00:10:13 (3171 turns).

gobodom the Thaumaturge (Gnoll Wanderer)            Turns: 3171, Time: 00:10:14

Health: -2/37      AC:  3    Str: 11    XL:     5   Next: 36%
Magic:  13/18      EV: 13    Int: 10    God:
Gold:   124        SH:  0    Dex: 15    Spells: 23/26 levels left

rFire   . . .      SeeInvis .   m - +1 dagger (protect)
rCold   . . .      Faith    .   (no shield)
rNeg    . . .      Spirit   .   d - +0 robe
rPois   .          Reflect  .   (no helmet)
rElec   .          Harm     .   (no cloak)
rCorr   .          Rampage  .   b - +0 pair of gloves
Will    .....                   (no boots)
Stlth   ++........              (no amulet)
HPRegen 0.12/turn               (no ring)
MPRegen 0.16/turn               (no ring)

@: slowed, very slow
A: fangs 1, strong nose, distributed training
a: no special abilities


You were on level 4 of the Dungeon.
You visited 1 branch of the dungeon, and saw 4 of its levels.

You collected 124 gold pieces.

Inventory:

Hand Weapons
 a - a +0 short sword
 m - a +1 dagger of protection (weapon)
Missiles
 h - 9 poisoned darts
Armour
 b - a +0 pair of gloves (worn)
 d - a +0 robe (worn)
Magical Staves
 i - a staff of earth
Scrolls
 e - 2 scrolls of teleportation
 g - a scroll of poison
Potions
 f - a potion of curing
 j - a potion of attraction
 k - a potion of invisibility {unknown}
 l - 2 potions of brilliance {unknown}


   Skills:
 + Level 1.5 Fighting
 + Level 4.8 Short Blades
 + Level 1.5 Long Blades
 + Level 1.5 Axes
 + Level 1.5 Maces & Flails
 + Level 1.5 Polearms
 + Level 1.5 Staves
 + Level 1.5 Ranged Weapons
 + Level 1.5 Throwing
 + Level 1.5 Armour
 + Level 3.0 Dodging
 + Level 2.8 Stealth
 + Level 1.5 Shields
 + Level 1.5 Unarmed Combat
 + Level 11.4 Spellcasting
 + Level 1.2 Conjurations
 + Level 1.2 Hexes
 + Level 1.2 Summonings
 + Level 1.2 Necromancy
 + Level 1.2 Translocations
 + Level 1.2 Transmutations
 + Level 1.2 Fire Magic
 + Level 1.2 Ice Magic
 + Level 1.2 Air Magic
 + Level 1.2 Earth Magic
 + Level 1.2 Poison Magic
 + Level 1.7 Invocations
 + Level 1.5 Evocations


You had 23 spell levels left.
You knew the following spells:

 Your Spells              Type           Power      Damage    Failure   Level
a - Sting                 Tmut/Pois      32%        1d4       7%          1
b - Blink                 Tloc           16%        N/A       11%         2

Your spell library contained the following spells:

 Spells                   Type           Power      Damage    Failure   Level
 Slow                     Hex            32%        N/A       7%          1
 Inner Flame              Hex/Fire       8%         N/A       22%         3
 Corpse Rot               Necr/Pois/Air  8%         N/A       56%         4
 Dispel Undead            Necr           8%         3d8       56%         4
 Hailstorm                Conj/Ice       8%         3d4       56%         4
 Ice Form                 Ice/Tmut       8%         N/A       56%         4
 Manifold Assault         Tloc           8%         N/A       89%         5
 Death Channel            Necr           4%         N/A       100%        6
 Simulacrum               Ice/Necr       4%         N/A       100%        6
 Storm Form               Tmut/Air       4%         N/A       100%        7


Dungeon Overview and Level Annotations

Branches:
Dungeon (4/15)
 Temple: D:4-7

Altars:

Shops:
D:1 [

Annotations:
D:3 Grinder, Robin
D:4 Natasha


Innate Abilities, Weirdness & Mutations

You have very sharp teeth.
Your uncanny sense of smell can sniff out nearby items.
Your experience applies equally to all skills.


Message History

Confirm with . or Enter, or press ? or * to list all spells.
You don't know that spell.
Sorry, you're not good enough to have a special ability.
Casting: Sting (safe; 7% risk of failure)
Confirm with . or Enter, or press ? or * to list all spells.
Aiming: Sting (safe; 7% risk of failure)
Press: ? - help, Shift-Dir - straight line, f - Natasha, p - white imp
Aim: Natasha (60% to hit)
The sting misses Natasha.
The white imp looks more healthy.
The crimson imp shouts, "Kneel, thou quaking swag-bellied frater!"
The crimson imp barely misses you.
Natasha mumbles some strange words.
The white imp closely misses you. The crimson imp barely misses you.
The white imp barely misses you. Natasha misses you.
Casting: Sting (safe; 7% risk of failure)
Confirm with . or Enter, or press ? or * to list all spells.
Aiming: Sting (safe; 7% risk of failure)
Press: ? - help, Shift-Dir - straight line, f/p - Natasha
Aim: Natasha (60% to hit)
The sting misses Natasha.
Natasha claws you. The crimson imp misses you. The white imp misses you.
The white imp barely misses you.
Casting: Sting (safe; 7% risk of failure)
Confirm with . or Enter, or press ? or * to list all spells.
Aiming: Sting (safe; 7% risk of failure)
Press: ? - help, Shift-Dir - straight line, f/p - Natasha
Aim: Natasha (60% to hit)
The sting hits Natasha.
Natasha is poisoned.
Natasha is moderately wounded.
The crimson imp barely misses you. Natasha barely misses you.
The white imp gestures at you. The puff of frost hits you!
* * * LOW HITPOINT WARNING * * *
The white imp hits you.
* * * LOW HITPOINT WARNING * * *
The white imp freezes you.
* * * LOW HITPOINT WARNING * * *
The white imp hits you.
* * * LOW HITPOINT WARNING * * *
The white imp freezes you.
You die...

###### #.
#...... #.
.......
##.##.......
#..#........
..#.....>.. ∆
##5.h......
#..@5......
##..#5......
###
##..###......
#..# ##..##
#..... #...#
#..## #....
#....##..#
##..
#....#..## #
#......##
#......##


You could see Natasha (poisoned), a crimson imp (summoned) and 2 white imps.

Vanquished Creatures
  Natasha (D:4)
  8 adders
  3 worms (D:2)
  3 ball pythons
  7 endoplasms
  A giant cockroach (D:3)
  6 goblins
  6 hobgoblins
  2 jackals (D:2)
  2 quokkas
  4 bats
  3 frilled lizards
  A kobold (D:1)
  2 rats
49 creatures vanquished.

Vanquished Creatures (others)
  A kobold (D:2)
1 creature vanquished.

Grand Total: 50 creatures vanquished

Notes
Turn   | Place    | Note
-------+----------+-------------------------------------------
     0 | D:1      | Reached skill level 11 in Spellcasting
     0 | D:1      | gobodom the Gnoll Wanderer began the quest for the Orb.
     0 | D:1      | gobodom set off with the following items: a +0 short sword,
                  | a +0 pair of gloves, a potion of lignification, a +0 robe;
                  | and the following spells available to memorise: Slow,
                  | Sting, Blink, Inner Flame.
     0 | D:1      | Reached XP level 1. HP: 13/13 MP: 12/12
   377 | D:1      | Reached XP level 2. HP: 19/19 MP: 14/14
   603 | D:1      | Found a faded altar of an unknown god.
   685 | D:1      | Found Viptargh's Antique Armour Shop.
   781 | D:1      | Learned a level 1 spell: Sting
   784 | D:1      | Learned a level 2 spell: Blink
  1196 | D:2      | Reached XP level 3. HP: 12/25 MP: 15/15
  1221 | D:2      | HP: 1/25 [adder (2)]
  1230 | D:2      | HP: 1/37 [adder (1)]
  1233 | D:2      | Reached skill level 1 in Invocations
  1569 | D:2      | Reached skill level 1 in Fighting
  1569 | D:2      | Reached skill level 1 in Long Blades
  1569 | D:2      | Reached skill level 1 in Axes
  1569 | D:2      | Reached skill level 1 in Maces & Flails
  1569 | D:2      | Reached skill level 1 in Polearms
  1569 | D:2      | Reached skill level 1 in Staves
  1569 | D:2      | Reached skill level 1 in Ranged Weapons
  1569 | D:2      | Reached skill level 1 in Throwing
  1569 | D:2      | Reached skill level 1 in Armour
  1569 | D:2      | Reached skill level 1 in Shields
  1569 | D:2      | Reached skill level 1 in Unarmed Combat
  1569 | D:2      | Reached skill level 1 in Evocations
  1719 | D:2      | Reached XP level 4. HP: 16/32 MP: 13/17
  2229 | D:2      | Reached skill level 1 in Conjurations
  2229 | D:2      | Reached skill level 1 in Hexes
  2229 | D:2      | Reached skill level 1 in Summonings
  2229 | D:2      | Reached skill level 1 in Necromancy
  2229 | D:2      | Reached skill level 1 in Translocations
  2229 | D:2      | Reached skill level 1 in Transmutations
  2229 | D:2      | Reached skill level 1 in Fire Magic
  2229 | D:2      | Reached skill level 1 in Ice Magic
  2229 | D:2      | Reached skill level 1 in Air Magic
  2229 | D:2      | Reached skill level 1 in Earth Magic
  2229 | D:2      | Reached skill level 1 in Poison Magic
  2593 | D:3      | Noticed Robin
  2862 | D:3      | Reached XP level 5. HP: 34/37 MP: 16/18
  2916 | D:3      | Noticed Grinder
  3043 | D:4      | Noticed Natasha
  3058 | D:4      | Killed Natasha
  3160 | D:4      | Noticed Natasha
  3171 | D:4      | Slain by a white imp

Illustrated notes

Levels and vault maps discovered:
D:1:      evilmike_arrival_hilbert_curve, layout_loops_corners,
          ebering_ecumenical_altar_webs, serial_shops, nicolae_shop_hallway_plus
D:2:      layout_basic, lemuel_old_faithful
D:3:      layout_basic, uniq_grinder, uniq_robin
D:4:      layout_cave_pods, uniq_natasha

Skill      XL: |  1  2  3  4  5 |
---------------+----------------+-----
Spellcasting   | | 11.4
Invocations    | 1 |  1.7
Fighting       | 1 |  1.5
Long Blades    | 1 |  1.5
Axes           | 1 |  1.5
Maces & Flails | 1 |  1.5
Polearms       | 1 |  1.5
Staves         | 1 |  1.5
Ranged Weapons | 1 |  1.5
Throwing       | 1 |  1.5
Armour         | 1 |  1.5
Shields        | 1 |  1.5
Unarmed Combat | 1 |  1.5
Evocations     | 1 |  1.5
Conjurations   | 1 |  1.2
Hexes          | 1 |  1.2
Summonings     | 1 |  1.2
Necromancy     | 1 |  1.2
Translocations | 1 |  1.2
Transmutations | 1 |  1.2
Fire Magic     | 1 |  1.2
Ice Magic      | 1 |  1.2
Air Magic      | 1 |  1.2
Earth Magic    | 1 |  1.2
Poison Magic   | 1 |  1.2
Dodging        | 3 |  3.0
Short Blades   | |  4.8
Stealth        | |  2.8

Action                   |  1- 3 |  4- 6 || total
-------------------------+-------+-------++-------
Melee: Short sword       |   101 |    45 ||   146
       Bite              |    14 |    11 ||    25
       Punch             |     1 |     1 ||     2
       Dagger            |       |    24 ||    24
Throw: Dart              |     8 |     1 ||     9
 Cast: Sting             |     9 |    51 ||    60
  Use: Scroll            |     4 |     1 ||     5
       Potion            |     1 |       ||     1
 Stab: Sleeping          |     1 |       ||     1
Armor: Robe              |    24 |    22 ||    46
       Skin              |     8 |       ||     8
Dodge: Dodged            |    51 |    59 ||   110

Table legend: (Time is in decaauts)
 A = Elapsed time spent in this place.
 B = Non-inter-level travel time spent in this place.
 C = Inter-level travel time spent in this place.
 D = Time resting spent in this place.
 E = Time spent auto-exploring this place.
 F = Levels seen in this place.
 G = Mean time per level.
                   A        B        C        D        E       F      G
               +--------+--------+--------+--------+--------+-----+--------+
         Total |   3147 |   3084 |     63 |    314 |   2165 |   4 |  786.8 |
       Dungeon |   3147 |   3084 |     63 |    314 |   2165 |   4 |  786.8 |
               +--------+--------+--------+--------+--------+-----+--------+

Top non-repeatable levels by time:
     D:2: 1649 daAuts
     D:1: 950 daAuts
     D:3: 345 daAuts
     D:4: 202 daAuts
